 Dungeon Crawl Stone Soup version 0.25-a0-657-ge95d391c20 (webtiles) character file.

Game seed: 10233516408075681439, levelgen mode: deterministic

27594 Esekla the Thaumaturge (level 13, 0/83 HPs)
             Began as an Octopode Venom Mage on Mar 22, 2020.
             Was a High Priest of Qazlal.
             Slain by Rupert
             ... wielding a +2 battleaxe of draining
              (43 damage)
             ... on level 12 of the Dungeon.
             The game lasted 02:43:18 (15458 turns).

Esekla the Thaumaturge (Octopode Venom Mage)       Turns: 15458, Time: 02:43:19

Health: 0/83       AC:  6    Str: 16    XL:     13   Next: 33%
Magic:  35/35      EV: 15    Int: 27    God:    Qazlal [*****.]
Gold:   290        SH: 17    Dex: 10    Spells: 5/31 levels left

rFire    . . .     SeeInvis +   f - +6 scimitar (flame)
rCold    + + .     Gourm    .   N - +2 buckler of Qilu {rN+}
rNeg     + + .     Faith    .   O - +2 hat
rPois    +         Spirit   .   K - +4 amulet of reflection
rElec    +         Reflect  +   a - ring of magical power
rCorr    +         Harm     .   C - ring "Hiaq" {+Fly Str+4}
MR       .....     Clarity  +   D - ring "Munaupatz" {rPois rC+ rCorr Str+4}
Stlth    ++........             H - ring of Qarghinna {rElec rN+ Int+7 Dex-4 SInv}
HPRegen  0.23/turn              V - ring of protection from cold
MPRegen  0.24/turn              (no ring)
                                (no ring)
                                (no ring)

@: protected from physical damage, lightly drained, repel missiles
A: almost no armour, stealthy swim, amphibious, 8 rings, constrict 8, tentacle
spike 1, camouflage 1, clarity, gelatinous body 1, evolution 1
a: Upheaval, Elemental Force, Disaster Area, Renounce Religion, Evoke Flight


You were on level 12 of the Dungeon.
You worshipped Qazlal.
Qazlal was extremely pleased with you.
You were very hungry.

You visited 2 branches of the dungeon, and saw 14 of its levels.
You also visited: Sewer and Bailey.

You collected 938 gold pieces.
You spent 648 gold pieces at shops.

Inventory:

Hand Weapons
 e - a +3 dagger of electrocution
 f - a +6 scimitar of flaming (weapon)
 v - a +3 rapier of venom
 J - the cursed +3 war axe "Arbiter" {venom, Dex+2, unknown}
   (You found it on level 9 of the Dungeon)

   It poisons the flesh of those it strikes.
   It affects your dexterity (+2).
   It has a curse placed upon it.
 T - a cursed +5 trident
Missiles
 n - 61 boomerangs
 y - 7 curare-tipped darts
 M - 7 javelins
 S - 53 poisoned darts (quivered)
Armour
 N - the +2 buckler of Qilu (worn) {rN+}
   (You bought it in a shop on level 8 of the Dungeon)

   It protects you from negative energy.
 O - a +2 hat (worn)
Jewellery
 a - a ring of magical power (left tentacle)
 x - an uncursed amulet of magic regeneration
 C - the ring "Hiaq" (right tentacle) {+Fly Str+4}
   (You found it on level 6 of the Dungeon)

   [ring of flight]

   It affects your strength (+4).
   It lets you fly.
 D - the ring "Munaupatz" (on tentacle) {rPois rC+ rCorr Str+4}
   (You acquired it in a bailey)

   [ring of resist corrosion]

   It affects your strength (+4).
   It protects you from cold.
   It protects you from poison.
   It provides partial protection from all sources of acid and corrosion.
 H - the ring of Qarghinna (on tentacle) {rElec rN+ Int+7 Dex-4 SInv}
   (You took it off an orc on level 13 of the Dungeon)

   [ring of positive energy]

   It affects your intelligence (+7).
   It affects your dexterity (-4).
   It insulates you from electricity.
   It protects you from negative energy.
   It lets you see invisible.
 K - a +4 amulet of reflection (around mantle)
 V - a ring of protection from cold (on tentacle)
Wands
 r - a wand of acid (9)
 I - a wand of polymorph (16)
 L - a wand of random effects (55)
Scrolls
 c - 9 scrolls of teleportation
 i - 3 scrolls of fog
 j - 4 scrolls of remove curse
 p - a scroll of fear
 w - 3 scrolls of amnesia
 B - a scroll of blinking
 E - a scroll of holy word
 F - 3 scrolls of magic mapping
 Q - a scroll of immolation
Potions
 d - 4 potions of magic
 g - a potion of degeneration {unknown}
 h - 4 potions of curing
 k - a potion of haste
 l - a potion of flight
 m - 2 potions of heal wounds
 o - a potion of resistance
 q - 3 potions of might
 s - 3 potions of invisibility
 u - a potion of ambrosia
 z - 2 potions of stabbing
 A - a potion of cancellation
 G - a potion of brilliance {unknown}
 P - a potion of mutation
Comestibles
 b - 18 rations


   Skills:
 * Level 6.0(5.8) Fighting
 * Level 7.3(8.1) Short Blades
 * Level 6.4(7.7) Long Blades
 - Level 2.3(2.1) Throwing
 + Level 5.9(5.7) Dodging
 - Level 5.0(4.8) Stealth
 + Level 5.4(5.1) Shields
 * Level 9.7(9.4) Spellcasting
 * Level 6.5(6.2) Conjurations
 + Level 5.0(4.8) Charms
   Level 1.0(0.7) Transmutations
 + Level 8.4(8.1) Air Magic
 + Level 8.8(8.5) Poison Magic


You had 5 spell levels left.
You knew the following spells:

 Your Spells              Type           Power        Failure   Level  Hunger
a - Airstrike             Air            ######....   1%          4    None
b - Lightning Bolt        Conj/Air       ######....   6%          5    ####...
c - Mephitic Cloud        Conj/Pois/Air  ######..     1%          3    None
d - Vampiric Draining     Necr           ##........   14%         3    None
e - Static Discharge      Conj/Air       ######..     1%          3    None
s - Swiftness             Chrm/Air       #####...     1%          2    None
v - Poisonous Vapours     Pois/Air       ######       1%          2    None
x - Olgreb's Toxic Radia  Pois           ######..     1%          4    None

Your spell library contained the following spells:

 Spells                   Type           Power        Failure   Level  Hunger
 Shock                    Conj/Air       ####         1%          1    None
 Sting                    Tmut/Pois      ####         1%          1    None
 Ignite Poison            Fire/Tmut/Pois ####....     3%          3    None
 Animate Skeleton         Necr           N/A          4%          1    None
 Pain                     Necr           ##..         4%          1    None
 Animate Dead             Necr           N/A          41%         4    None
 Agony                    Necr           ##......     77%         5    ####...


Dungeon Overview and Level Annotations

Branches:
Dungeon (13/15)            Temple (1/1) D:4            Lair (0/6) D:11
    Orc (0/2) D:11         Vaults (0/5) D:13          Sewer (visited)
 Bailey (visited)

Altars:
Ashenzari
Cheibriados
Dithmenos
Elyvilon
Fedhas
Gozag
Hepliaklqana
Kikubaaqudgha
Makhleb
Nemelex Xobeh
Okawaru
Qazlal
Ru
Sif Muna
Trog
Uskayaw
Vehumet
Wu Jian
Xom
Yredelemnul
Zin
The Shining One

Shops:
D:8 [   D:10 *

Annotations:
D:12 Rupert
D:13 3 runed translucent doors, Cusualon's ghost, journeyman DrSk


Innate Abilities, Weirdness & Mutations

You cannot wear most types of armour.
You are very stealthy in the water. (Stealth+)
You are amphibious.
You can wear up to eight rings at the same time.
You can use your tentacles to constrict eight enemies at once.
Your skin changes colour to match your surroundings (Stealth+).
Your rubbery body absorbs attacks. (AC +1, EV +1)
One of your tentacles bears a spike.
You possess an exceptional clarity of mind.
You evolve.


Message History

You partially resist.
You feel drained.
You climb upwards.
There is a stone staircase leading down, spattered with blood here.
Rupert roars madly and goes into a rage!
Rupert goes berserk!
Rupert rages.
Rupert is engulfed in freezing vapours.
Rupert rages.
You block Rupert's attack. Rupert misses you.
You riposte.
You hit Rupert but do no damage. You grab Rupert.
You pierce Rupert, but do no damage.
You squeeze Rupert.
Rupert is lightly wounded.
You release your grip on Rupert.
Rupert hits you with a +2 battleaxe of draining!!!
You feel protected from physical attacks.
You partially resist.
You feel drained.
You feel much better.
Rupert hits you with a +2 battleaxe of draining!!!
Ouch! That really hurt!
You die...

.#####.....###.#.....#.# #.#
.#########.#<#.###..##.#####.#
.+.....................>.....#
.#########.#.........#..######
.# #.#.#########..# #######
#.#...#........#
##....####.#.#○#.######.#
......+.........@.## #.#
##[...####.#.#.#@..# #.#
#....# #.#...#.#.# #.# #....#
#.#####.#.## #.#
##....####.......#..# #.#
≈≈≈≈≈≈≈≈≈≈≈≈≈≈≈≈###.###.#
≈≈≈≈≈≈≈≈≈≈≈≈≈≈≈≈# #..##.#
≈≈≈≈≈≈≈≈≈≈≈≈≈≈≈≈# ##.##.#
≈≈≈≈≈≈≈≈≈≈≈≈≈≈≈≈# #.##.#
≈≈≈≈≈≈≈≈≈≈≈≈≈≈≈≈# #..#.#


You could see Rupert (berserk).

Vanquished Creatures
  An orc warlord (Bailey)
  Snorg (D:13)
  Erolcha (D:13)
  A hydra (D:11)
  A vault guard (D:13)
  A catoblepas (D:13)
  Erica (D:9)
  2 two-headed ogres (D:10)
  Urug (D:12)
  2 unseen horrors
  Pikel (D:9)
  An orc knight (Bailey)
  2 ugly things
  2 deep elf magi (D:12)
  3 cyclopes
  3 manticores
  A komodo dragon (D:10)
  A freezing wraith (D:13)
  A troll (D:10)
  A hornet (D:12)
  3 hippogriffs
  6 slime creatures
  A shadow (D:13)
  A spriggan (D:9)
  8 yaks
  3 water elementals (D:12)
  3 wyverns
  A basilisk (D:11)
  Eustachio (D:6)
  2 steam dragons
  8 vampire mosquitoes
  2 hungry ghosts
  2 acid dragons
  A floating eye (shapeshifter) (D:13)
  4 orc warriors
  5 black bears
  2 ice beasts
  2 slaves (D:9)
  3 phantoms
  3 sky beasts
  5 ogres
  3 necrophages
  11 centaurs
  4 crocodiles
  A big kobold (D:11)
  7 bullfrogs
  A wyvern skeleton (D:12)
  2 scorpions
  3 killer bees
  3 vampire bats (D:4)
  8 wights
  5 electric eels (D:12)
  6 howler monkeys
  2 bullfrog zombies
  7 crimson imps
  2 orc priests
  6 centaur skeletons
  7 hounds
  3 jellies
  2 centaur zombies
  A gnoll shaman (D:9)
  7 orc wizards
  3 bullfrog skeletons
  4 iguanas
  12 worker ants
  A hound zombie (D:11)
  A hound skeleton (D:9)
  A worker ant zombie (D:8)
  4 gnolls
  11 adders
  2 shadow imps
  An ooze (D:1)
  An adder skeleton (D:4)
  3 worms
  3 dart slugs (D:3)
  3 leopard geckos
  31 orcs
  2 bat skeletons (D:4)
  4 bat zombies (D:4)
  9 giant cockroaches
  16 goblins
  10 hobgoblins
  6 jackals
  24 kobolds
  7 quokkas
  4 ball pythons
  16 bats
  3 frilled lizards
  A jackal skeleton (D:7)
  A jackal zombie (D:7)
  A leopard gecko zombie (D:5)
  A quokka skeleton (D:4)
  6 rats
377 creatures vanquished.

Vanquished Creatures (others)
  A centaur warrior (D:13)
  A slave (D:9)
  A centaur (D:11)
3 creatures vanquished.

Grand Total: 380 creatures vanquished

Notes
Turn   | Place    | Note
-------+----------+-------------------------------------------
     0 | D:1      | Esekla the Octopode Venom Mage began the quest for the Orb.
     0 | D:1      | Reached XP level 1. HP: 11/11 MP: 3/3
   192 | D:1      | Reached XP level 2. HP: 16/17 MP: 5/5
   203 | D:1      | Learned a level 2 spell: Poisonous Vapours
   701 | D:2      | Reached XP level 3. HP: 3/22 MP: 6/6
  1201 | D:1      | Learned a level 3 spell: Mephitic Cloud
  1342 | D:1      | Reached skill level 1 in Fighting
  1561 | D:2      | Reached skill level 1 in Air Magic
  1561 | D:2      | Reached XP level 4. HP: 28/28 MP: 7/7
  2201 | D:3      | Reached skill level 3 in Spellcasting
  2379 | D:3      | Reached XP level 5. HP: 33/33 MP: 9/9
  2403 | D:3      | Learned a level 4 spell: Olgreb's Toxic Radiance
  2442 | D:3      | Found a shadowy altar of Dithmenos.
  2918 | D:4      | Noticed a phantom
  2919 | D:4      | Reached skill level 1 in Short Blades
  2923 | D:4      | Reached XP level 6. HP: 21/39 MP: 11/11
  3307 | D:4      | Reached skill level 1 in Conjurations
  3450 | D:4      | Reached XP level 7. HP: 45/45 MP: 12/12
  3633 | D:4      | Found a staircase to the Ecumenical Temple.
  3674 | Temple   | Entered the Ecumenical Temple
  4108 | D:4      | Reached skill level 5 in Poison Magic
  4289 | D:4      | Found an ancient bone altar of Kikubaaqudgha.
  4290 | D:4      | Reached skill level 4 in Spellcasting
  4542 | D:5      | Entered Level 5 of the Dungeon
  4604 | D:5      | Found a glowing drain.
  4641 | Sewer    | Entered a sewer
  4799 | D:5      | Found a hide-covered altar of Uskayaw.
  4880 | D:5      | Reached XP level 8. HP: 50/51 MP: 14/14
  5048 | D:5      | Found an iron altar of Okawaru.
  5456 | D:6      | Found a sparkling altar of Nemelex Xobeh.
  5456 | D:6      | Found an ornate altar of the Wu Jian Council.
  5497 | D:6      | Got a vibrating golden ring
  5574 | D:6      | Identified the ring "Hiaq" {+Fly Str+4} (You found it on
                  | level 6 of the Dungeon)
  5737 | D:6      | Noticed Eustachio
  5756 | D:6      | Killed Eustachio
  5756 | D:6      | Reached skill level 5 in Stealth
  5759 | D:6      | Reached skill level 5 in Spellcasting
  5813 | D:6      | Found an iron altar of Okawaru.
  5944 | Temple   | Became a worshipper of Qazlal Stormbringer
  6228 | D:7      | Found a flagged portal.
  6268 | Bailey   | Entered a bailey
  6360 | Bailey   | Noticed an orc warlord
  6443 | Bailey   | Reached XP level 9. HP: 50/57 MP: 16/16
  6569 | Bailey   | Noticed an orc knight
  6585 | Bailey   | Killed an orc knight
  6687 | Bailey   | Reached * piety under Qazlal
  6698 | Bailey   | Found a runed translucent gate.
  6906 | Bailey   | Found a runed translucent gate.
  6906 | Bailey   | Found a runed translucent gate.
  7024 | Bailey   | Killed an orc warlord
  7024 | Bailey   | Reached skill level 5 in Fighting
  7024 | Bailey   | Reached skill level 1 in Throwing
  7024 | Bailey   | Reached skill level 6 in Spellcasting
  7024 | Bailey   | Reached skill level 5 in Air Magic
  7024 | Bailey   | Reached XP level 10. HP: 37/65 MP: 19/19
  7163 | Bailey   | Identified 2 scrolls of acquirement
  7163 | Bailey   | Identified the ring "Munaupatz" {rPois rC+ rCorr Str+4}
                  | (You acquired it in a bailey)
  7263 | D:7      | Found a shimmering blue altar of Sif Muna.
  8013 | D:8      | Found Vuitub's Antique Armour Shop.
  8014 | D:8      | Found a sacrificial altar of Ru.
  8034 | D:8      | Found a shimmering altar of Xom.
  8056 | D:8      | Bought an ichor-stained buckler for 304 gold pieces
  8067 | D:8      | Identified the +2 buckler of Qilu {rN+} (You bought it in a
                  | shop on level 8 of the Dungeon)
  8369 | D:9      | Reached skill level 5 in Dodging
  8378 | D:9      | Reached ** piety under Qazlal
  8426 | D:9      | Got a shimmering war axe
  8428 | D:9      | Noticed Erica
  8438 | D:9      | Killed Erica
  8438 | D:9      | Reached skill level 1 in Shields
  8440 | D:9      | Noticed a six-headed hydra
  8491 | D:8      | Bought a runed hat for 224 gold pieces
  8882 | D:9      | Noticed Pikel
  8890 | D:9      | Killed Pikel
  8890 | D:9      | Reached skill level 1 in Long Blades
  8890 | D:9      | Reached skill level 7 in Spellcasting
  9050 | D:9      | Found a blossoming altar of Fedhas.
  9363 | D:10     | Entered Level 10 of the Dungeon
  9400 | D:9      | Identified the +2 kite shield of the Evening Star {rN+}
                  | (You acquired it on level 9 of the Dungeon)
  9405 | D:9      | Learned a level 2 spell: Swiftness
  9409 | D:9      | Learned a level 3 spell: Static Discharge
  9415 | D:9      | Learned a level 5 spell: Lightning Bolt
  9440 | D:10     | Reached skill level 5 in Short Blades
  9459 | D:10     | Reached XP level 11. HP: 44/70 MP: 21/21
  9724 | D:10     | Reached skill level 1 in Charms
  9758 | D:10     | Learned a level 4 spell: Airstrike
  9816 | D:10     | Found Vaoc's General Store.
  9856 | D:10     | Bought a potion of mutation for 120 gold pieces
  9859 | D:10     | Gained mutation: You possess an exceptional clarity of
                  | mind. [potion of mutation]
  9859 | D:10     | Gained mutation: You evolve. [potion of mutation]
  9859 | D:10     | Gained mutation: One of your tentacles bears a spike.
                  | [potion of mutation]
  9881 | D:10     | Noticed a cyclops
  9891 | D:10     | Killed a cyclops
 10279 | D:10     | Reached *** piety under Qazlal
 10557 | D:11     | Noticed a manticore
 10562 | D:11     | Killed a manticore
 10844 | D:10     | Gained mutation: Your spells are a little easier to cast,
                  | but a little less powerful. [evolution]
 10940 | D:11     | Noticed a two-headed ogre
 10940 | D:11     | Noticed a two-headed ogre
 10953 | D:10     | Killed a two-headed ogre
 10968 | D:10     | Killed a two-headed ogre
 11104 | D:11     | Reached skill level 8 in Spellcasting
 11116 | D:11     | Noticed a seven-headed hydra
 11304 | D:11     | Noticed a cyclops
 11313 | D:11     | Killed a cyclops
 11441 | D:11     | Killed a five-headed hydra
 11441 | D:11     | Reached XP level 12. HP: 32/77 MP: 19/24
 11467 | D:11     | Reached **** piety under Qazlal
 11652 | D:11     | Reached skill level 5 in Conjurations
 11876 | D:11     | Found a staircase to the Lair.
 12159 | D:11     | Found a staircase to the Orcish Mines.
 12166 | D:11     | Learned a level 3 spell: Vampiric Draining
 12338 | D:11     | Reached skill level 5 in Long Blades
 12902 | D:12     | Noticed Urug
 12920 | D:12     | Killed Urug
 13056 | D:12     | Lost mutation: Your spells are a little easier to cast, but
                  | a little less powerful. [evolution]
 13240 | D:12     | Reached skill level 5 in Shields
 14079 | D:13     | Reached skill level 9 in Spellcasting
 14132 | D:13     | Noticed a vault guard
 14141 | D:13     | Killed a vault guard
 14224 | D:13     | Found a gate to the Vaults.
 14597 | D:13     | Reached ***** piety under Qazlal
 14607 | D:13     | Noticed Snorg
 14611 | D:13     | Identified the ring of Qarghinna {rElec rN+ Int+7 Dex-4
                  | SInv}
 14622 | D:13     | Killed Snorg
 14622 | D:13     | Reached XP level 13. HP: 83/83 MP: 17/26
 14705 | D:13     | Found a runed translucent gate.
 14705 | D:13     | Found a runed translucent gate.
 14705 | D:13     | Found a runed translucent gate.
 14750 | D:13     | Noticed Cusualon's ghost (journeyman DrSk)
 14759 | D:13     | Noticed Rupert
 14762 | D:13     | Paralysed by Rupert for 3 turns
 14789 | D:13     | Noticed Erolcha
 14800 | D:13     | Reached skill level 5 in Charms
 14805 | D:13     | Killed Erolcha
 15458 | D:12     | Slain by Rupert

Levels and vault maps discovered:
D:1:      lemuel_arrival_muddy, layout_basic
D:2:      layout_basic, serial_forest, infiniplex_forest_lined_room_3,
          infiniplex_forest_corner_1, infiniplex_forest_clump_small,
          infiniplex_forest_clump_double, infiniplex_forest_lined_corner,
          infiniplex_forest_clump_double
D:3:      layout_basic, grunt_dithmenos_smoke
D:4:      layout_cave_pods, kennysheep_vampire_church, temple_fountains,
          first_ration, solitary_fountain
D:5:      layout_gridville, eat_drink_and_be_merry_uskayaw,
          kennysheep_mini_moat, portal_sewer_entry_a
D:6:      layout_basic, gammafunk_temple_overflow_elements, basic_altar,
          uniq_eustachio
D:7:      layout_gridville, enter_bailey_2, basic_altar
D:8:      layout_basic, minitemple, serial_shops, shop_fountains
D:9:      layout_rooms, fedhas_altar_4, grunt_pizzeria, kb_rosetta, uniq_pikel,
          uniq_erica
D:10:     layout_basic, serial_shops, shop_statue
D:11:     layout_irregular_city, erik_lair_dragon, david_orc_2,
          minmay_splitting_lines, grunt_ministairs_13, minmay_fractal_squares_5
D:12:     layout_basic, uniq_urug
D:13:     layout_roguey, david_vaults_5, gammafunk_ghost_icy, uniq_snorg,
          uniq_rupert, uniq_azrael, uniq_erolcha
Temple:   nicolae_temple_figure_eight

Skill      XL: |  1  2  3  4  5  6  7  8  9 10 11 12 13 |
---------------+----------------------------------------+-----
Poison Magic   | 4 5 6 7 8 |  8.8
Stealth        | 3 4 5 |  5.0
Fighting       | 1 2 3 4 5 6 |  6.0
Air Magic      | 1 2 4 5 6 7 8 |  8.4
Spellcasting   | 3 4 5 6 7 8 9 |  9.7
Short Blades   | 1 2 3 4 5 6 7 |  7.3
Conjurations   | 1 2 3 4 6 |  6.5
Dodging        | 3 4 5 |  5.9
Throwing       | 1 2 |  2.3
Shields        | 2 4 5 |  5.4
Long Blades    | 1 4 6 |  6.4
Charms         | 3 4 5 |  5.0
Transmutations | |  1.0

Action                   |  1- 3 |  4- 6 |  7- 9 | 10-12 | 13-15 || total
-------------------------+-------+-------+-------+-------+-------++-------
Melee: Dagger            |    17 |    48 |   106 |   123 |       ||   294
       Constrict         |     8 |    18 |    32 |    47 |     3 ||   108
       Tentacles         |     6 |     7 |    22 |    65 |    17 ||   117
       Unarmed           |     1 |       |       |       |       ||     1
       Short sword       |    28 |    26 |       |       |       ||    54
       Rapier            |       |       |    21 |       |       ||    21
       Scimitar          |       |       |       |   210 |    38 ||   248
       Kick              |       |       |       |    83 |    20 ||   103
Throw: Boomerang         |       |       |    18 |    45 |       ||    63
       Dart              |       |       |     2 |    26 |     7 ||    35
 Cast: Sting             |     3 |       |       |       |       ||     3
       Poisonous Vapours |    12 |    59 |    63 |   153 |     5 ||   292
       Mephitic Cloud    |       |     1 |     7 |    29 |     3 ||    40
       Airstrike         |       |       |       |    31 |    11 ||    42
       Lightning Bolt    |       |       |       |     7 |       ||     7
       Olgreb's Toxic Ra |       |       |       |     1 |       ||     1
       Swiftness         |       |       |       |       |     1 ||     1
Evoke: Wand              |       |       |       |     2 |     1 ||     3
  Use: Scroll            |       |       |    19 |    15 |     2 ||    36
       Potion            |       |       |       |     4 |     2 ||     6
 Stab: Sleeping          |    14 |     8 |     8 |       |       ||    30
       Confused          |       |     1 |       |    10 |       ||    11
       Paralysed         |       |       |       |     1 |       ||     1
  Eat: Chunk             |     2 |    10 |     5 |    16 |     3 ||    36
       Ration            |       |       |     2 |     4 |       ||     6
Armor: Skin              |     3 |     2 |    15 |    25 |     2 ||    47
Dodge: Dodged            |    16 |    46 |    91 |   126 |    14 ||   293
       Deflected         |       |       |       |     5 |     1 ||     6
Block: Other             |       |       |     5 |     5 |       ||    10
       Reflection        |       |       |     2 |    32 |     7 ||    41
       Buckler           |       |       |       |   233 |    31 ||   264
       Rpst.: Scimitar   |       |       |       |    21 |     5 ||    26

Table legend:
 A = Non-vault XP
 B = Vault XP
 C = Vault XP percentage of total XP
 D = Non-vault monster count
 E = Vault monster count
 F = Vault count percentage of total count
                 A         B        C        D         E       F
            +---------+---------+-------+---------+---------+-------
      Total |   26240 |   13180 |  33.4 |     294 |      83 |  22.0
            +---------+---------+-------+---------+---------+-------
        D:1 |      51 |       0 |   0.0 |      27 |       0 |   0.0
        D:2 |      90 |       0 |   0.0 |      21 |       0 |   0.0
        D:3 |     125 |       0 |   0.0 |      33 |       0 |   0.0
        D:4 |     487 |     181 |  27.1 |      17 |       9 |  34.6
        D:5 |     345 |       1 |   0.3 |       9 |       1 |  10.0
        D:6 |     515 |     191 |  27.1 |      14 |       1 |   6.7
        D:7 |     961 |       0 |   0.0 |      19 |       0 |   0.0
        D:8 |     508 |       0 |   0.0 |      12 |       0 |   0.0
        D:9 |     642 |    1997 |  75.7 |      15 |       6 |  28.6
       D:10 |    3148 |    1748 |  35.7 |      24 |       3 |  11.1
       D:11 |    6583 |    1584 |  19.4 |      46 |      22 |  32.4
       D:12 |    5194 |     867 |  14.3 |      27 |       1 |   3.6
       D:13 |    7591 |    3797 |  33.3 |      30 |       7 |  18.9
      Sewer |       0 |     110 | 100.0 |       0 |       6 | 100.0
     Bailey |       0 |    2704 | 100.0 |       0 |      27 | 100.0
            +---------+---------+-------+---------+---------+-------
